 Dungeon Crawl Stone Soup version 0.27-a0-951-gae3e1deef5 (webtiles) character file.

Game seed: 6513537034212868191

5126 wakim the Basher (level 10, -6/86 HPs)
             Began as a Minotaur Fighter on Apr 11, 2021.
             Was a Priest of the Shining One.
             Killed from afar by a starcursed mass (13 damage)
             ... with an accursed screaming
             ... on level 1 of the Abyss.
             The game lasted 00:22:24 (10177 turns).

wakim the Basher (Minotaur Fighter)                Turns: 10177, Time: 00:22:24

Health: -6/86      AC: 14    Str: 25      XL:     10   Next: 32%
Magic:  13/13      EV:  7    Int:  5      God:    the Shining One [***...]
Gold:   460        SH: 10    Dex:  7 (9)  Spells: 9/9 levels left

rFire    . . .     SeeInvis .   a - +0 flail (freeze)
rCold    . . .     Faith    .   c - +0 kite shield
rNeg     + . .     Spirit   .   m - +0 chain mail
rPois    +         Reflect  .   (helmet restricted)
rElec    .         Harm     .   k - +0 cloak
rCorr    +         Rampage  .   (no gloves)
Will     .....                  f - +0 pair of boots
Stlth    ..........             s - amulet of regeneration
HPRegen  1.24/turn              h - ring of resist corrosion
MPRegen  0.13/turn              j - ring of poison resistance

@: glowing
A: horns 2, retaliatory headbutt
a: Renounce Religion, Divine Shield


You were on level 1 of the Abyss.
You worshipped the Shining One.
The Shining One was most pleased with you.
You visited 2 branches of the dungeon, and saw 10 of its levels.
You visited the Abyss 2 times.

You collected 460 gold pieces.

Inventory:

Hand Weapons
 a - a +0 flail of freezing (weapon)
 b - a +0 morningstar
Missiles
 n - 5 atropa-tipped darts
 o - 38 poisoned darts (quivered)
 q - 7 silver javelins
 z - a curare-tipped dart {=f}
Armour
 c - a +0 kite shield (worn)
 f - a +0 pair of boots (worn)
 k - a +0 cloak (worn)
 m - a +0 chain mail (worn)
Jewellery
 d - a ring of positive energy
 h - a ring of resist corrosion (left hand)
 j - a ring of poison resistance (right hand)
 p - a ring of ice
 s - an amulet of regeneration (around neck)
Wands
 t - a wand of digging (3)
 u - a wand of mindburst (25)
 v - a wand of flame (21)
 w - a wand of acid (9)
 x - a wand of iceblast (4)
 y - a wand of paralysis (13)
Scrolls
 e - 2 scrolls of enchant armour
 T - a scroll of teleportation
 Y - 3 scrolls of blinking {!r}
Potions
 g - a potion of invisibility {unknown}
 i - a potion of magic {unknown}
 l - a potion of lignification {unknown}
 r - 2 potions of curing {unknown}
 A - 2 potions of ambrosia
 G - a potion of flight
 J - 2 potions of heal wounds
 N - 2 potions of might


   Skills:
 + Level 7.4 Fighting
 * Level 9.7 Maces & Flails
 + Level 9.2 Armour
 * Level 2.2 Dodging
 - Level 7.0 Shields
 * Level 5.7 Invocations
 * Level 4.8 Evocations


You had 9 spell levels left.
You didn't know any spells.
Your spell library was empty.

Dungeon Overview and Level Annotations

Branches:
Dungeon (9/15)             Temple (1/1) D:5             Orc (0/2) D:9
   Lair: D:8-11

Altars:
Ashenzari
Cheibriados
Elyvilon
Fedhas
Gozag
Kikubaaqudgha
Makhleb
Nemelex Xobeh
Okawaru
Ru
Sif Muna
Trog
Uskayaw
Vehumet
Wu Jian
Xom
Yredelemnul
Zin
The Shining One

Annotations:
D:7 Erolcha


Innate Abilities, Weirdness & Mutations

You have a pair of horns on your head.
You reflexively headbutt those who attack you in melee.


Message History

A starcursed mass splits. x2
You hit the small abomination. You freeze the small abomination.
The small abomination is moderately damaged.
You block the small abomination's attack.
A deafening chorus of shrieks assaults your mind!
A starcursed mass splits.
You hit the small abomination but do no damage.
You headbutt the small abomination.
The small abomination is heavily damaged.
The small abomination barely misses you.
A deafening chorus of shrieks assaults your mind!
You suddenly lose the ability to move!
You can move again.
You completely miss the small abomination.
The small abomination is heavily damaged.
You block the small abomination's attack.
The small abomination hits you!
* * * LOW HITPOINT WARNING * * *
You sock the small abomination! You freeze the small abomination.
The small abomination is almost destroyed.
The small abomination hits you!
* * * LOW HITPOINT WARNING * * *
You hit the small abomination but do no damage.
The small abomination is almost destroyed.
A starcursed mass splits.
The small abomination hits you!
* * * LOW HITPOINT WARNING * * *
A starcursed mass splits.
You hit the small abomination. You freeze the small abomination.
You destroy the small abomination!
The Shining One accepts your kill.
You feel better.
A deafening chorus of shrieks assaults your mind!
* * * LOW HITPOINT WARNING * * *
You sock the starcursed mass! You freeze the starcursed mass.
The starcursed mass is heavily damaged.
The starcursed mass shudders and is absorbed by its neighbour.
You hit the starcursed mass but do no damage.
The starcursed mass barely misses you.
A starcursed mass splits.
A deafening chorus of shrieks assaults your mind!
You die...

. .. # .......
........
..........#.####
...........#...#
..........#...##.#
........?.......#
#. .. .#.........
.##......#@# #.# .
.. ....XXX#..###
#. ..X....XXX#...#
........X.....#
...........###..
..........#.# .#.
. ........### # .
.##......## #..
...#


You could see 7 starcursed masses.

Vanquished Creatures
  A two-headed ogre (D:6)
  A hornet (D:7)
  A wraith (D:9)
  A water moccasin (D:8)
  3 orc warriors
  2 sky beasts
  2 small abominations (Abyss:1)
  2 black bears
  An ice beast (D:7)
  4 ogres
  A necrophage (D:6)
  The ghost of emiel the Shield-Bearer, an amateur DjWn (D:3)
  4 centaurs
  A phantom (D:5)
  2 kobold brigands
  2 bullfrogs
  A wyvern zombie (D:7)
  A water moccasin zombie (D:5)
  A scorpion (D:7)
  A gnoll sergeant (D:3)
  9 howler monkeys
  6 starcursed masses (Abyss:1)
  2 bullfrog zombies (D:6)
  Crazy Yiuf (D:2)
  2 orc priests
  2 quasits (Abyss:1)
  2 bullfrog skeletons
  An iron imp (Abyss:1)
  Terence (D:3)
  2 iguanas
  A scorpion zombie (D:5)
  A killer bee zombie (D:8)
  2 hound skeletons
  A howler monkey skeleton (D:4)
  14 gnolls
  6 adders
  A white imp (D:7)
  An ufetubus (D:5)
  8 dart slugs
  17 orcs
  5 ball pythons
  An endoplasm (D:3)
  4 giant cockroaches
  4 goblins
  6 hobgoblins
  4 jackals (D:2)
  12 kobolds
  5 quokkas
  7 bats
  2 frilled lizards
  5 rats
168 creatures vanquished.

Vanquished Creatures (others)
  2 fungi (D:2)
2 creatures vanquished.

Grand Total: 170 creatures vanquished

Notes
Turn   | Place    | Note
-------+----------+-------------------------------------------
     0 | D:1      | wakim the Minotaur Fighter began the quest for the Orb.
     0 | D:1      | Reached XP level 1. HP: 19/19 MP: 0/0
   242 | D:1      | Reached XP level 2. HP: 25/27 MP: 1/1
   944 | D:2      | Reached XP level 3. HP: 33/33 MP: 2/2
   955 | D:2      | Found a faded altar of an unknown god.
   963 | D:2      | Became a worshipper of the Shining One
   963 | D:2      | Reached * piety under the Shining One
  1357 | D:2      | Reached XP level 4. HP: 26/40 MP: 3/3
  1700 | D:2      | Found a runed translucent door.
  1701 | D:2      | Noticed Crazy Yiuf
  1707 | D:2      | Killed Crazy Yiuf
  1965 | D:3      | Found a runed translucent door.
  1967 | D:3      | Noticed emiel's ghost (amateur DjWn)
  1982 | D:3      | Noticed Terence
  1990 | D:3      | Killed Terence
  1991 | D:3      | Reached skill level 5 in Armour
  1991 | D:3      | Reached XP level 5. HP: 36/47 MP: 4/4
  2244 | D:3      | Noticed an ogre
  2495 | D:3      | Reached ** piety under the Shining One
  2953 | D:3      | Killed an ogre
  2954 | D:3      | Reached skill level 1 in Invocations
  2954 | D:3      | Reached XP level 6. HP: 31/53 MP: 5/5
  3416 | D:4      | Reached skill level 5 in Maces & Flails
  3838 | D:4      | Reached skill level 5 in Shields
  3879 | D:4      | Reached XP level 7. HP: 23/60 MP: 7/7
  4249 | D:4      | Reached skill level 5 in Fighting
  4961 | D:5      | Entered Level 5 of the Dungeon
  5141 | D:5      | Found a staircase to the Ecumenical Temple.
  5147 | D:5      | Identified the +1 robe of Fortitude {Harm Int-2 Dex+5}
  5152 | Temple   | Entered the Ecumenical Temple
  5836 | D:5      | Reached skill level 1 in Evocations
  6096 | D:5      | Reached XP level 8. HP: 61/69 MP: 8/8
  6647 | D:6      | Noticed a two-headed ogre
  6654 | D:6      | Killed a two-headed ogre
  6655 | D:6      | Reached XP level 9. HP: 20/75 MP: 6/10
  7222 | D:3      | Killed emiel's ghost
  9310 | D:8      | Reached skill level 5 in Invocations
  9360 | D:8      | Reached XP level 10. HP: 65/86 MP: 12/12
  9409 | D:8      | Found an opulent altar of Gozag.
  9742 | D:9      | Found a staircase to the Orcish Mines.
  9762 | D:9      | Identified the amulet "Yvyollih" {Acrobat MP+9 Int-5 Dex+7
                  | SInv}
  9762 | D:9      | Noticed Erolcha
  9774 | D:8      | Cast into level 1 of the Abyss (Erolcha)
  9791 | Abyss:1  | Noticed a starcursed mass
  9809 | Abyss:1  | Reached skill level 1 in Dodging
  9860 | Abyss:1  | Killed a starcursed mass
  9865 | Abyss:1  | Killed a starcursed mass
  9879 | Abyss:1  | HP: 1/86 [freezing wraith (11)]
  9902 | D:8      | Escaped the Abyss
  9916 | D:8      | HP: 4/86 [freezing wraith (14)]
  9945 | D:7      | Cast into level 1 of the Abyss (Erolcha)
 10066 | Abyss:1  | Reached *** piety under the Shining One
 10091 | Abyss:1  | Noticed a cyan ugly thing
 10091 | Abyss:1  | Noticed a cyan ugly thing
 10092 | Abyss:1  | Noticed a cyan very ugly thing
 10097 | Abyss:1  | HP: 1/86 [cyan very ugly thing (18)]
 10099 | Abyss:1  | The Shining One protects you from harm!
 10101 | Abyss:1  | Noticed a cyan very ugly thing
 10102 | Abyss:1  | Noticed a cyan very ugly thing
 10163 | Abyss:1  | Noticed a starcursed mass
 10171 | Abyss:1  | Paralysed by accursed screaming for 1 turns
 10175 | Abyss:1  | HP: 4/86 [starcursed mass/accursed screaming (11)]
 10177 | Abyss:1  | Killed from afar by a starcursed mass

Illustrated notes

Levels and vault maps discovered:
D:1:      shiori_shiawase, layout_basic, minmay_liquid_box,
          minmay_misc_feat_roman, minmay_misc_feat_encased
D:2:      layout_basic, shapermc_ecumenical_altar_starsandcircs,
          uniq_crazy_yiuf_cottage
D:3:      kennysheep_slugbush, layout_rooms, ebering_ghost_reflecting_pool,
          st_stairs_10, lemuel_old_faithful, uniq_terence
D:4:      layout_basic
D:5:      layout_loops_ring, minmay_temple_entry_butterflies,
          corexii_checkpoint_a
D:6:      layout_loops_cross
D:7:      layout_layer_cave
D:8:      layout_cave_pools, grunt_gozag_statues
D:9:      minmay_the_grid_four_pointed_star [minmay_the_grid_triangle_9x9_sprig,
          minmay_the_grid_triangle_9x9_longest,
          minmay_the_grid_triangle_9x9_semitri,
          minmay_the_grid_triangle_9x9_from_above,
          minmay_the_grid_prize_trominoes], layout_loops_ring,
          dpeg_oklobed_lair, uniq_erolcha, uniq_joseph
Temple:   eino_narrow_crystal_temple
Abyss:1:  base: D:3, base: D:2, lemuel_firewalk_3

Skill      XL: |  1  2  3  4  5  6  7  8  9 10 |
---------------+-------------------------------+-----
Armour         | 4 5 6 7 8 9 |  9.2
Maces & Flails | 3 4 5 6 7 9 |  9.7
Fighting       | 4 5 6 7 |  7.4
Shields        | 4 5 6 7 |  7.0
Invocations    | 1 2 3 5 |  5.7
Evocations     | 1 2 4 |  4.8
Dodging        | 2 |  2.2

Action                   |  1- 3 |  4- 6 |  7- 9 | 10-12 || total
-------------------------+-------+-------+-------+-------++-------
Melee: Flail             |    66 |    92 |   228 |   109 ||   495
       Headbutt          |     5 |    19 |    51 |    29 ||   104
Throw: Dart              |       |    38 |    35 |     3 ||    76
Invok: Divine Shield     |       |       |     4 |     3 ||     7
  Use: Scroll            |     4 |     5 |     5 |     1 ||    15
       Potion            |       |       |       |     1 ||     1
Armor: Scale mail        |    42 |    20 |       |       ||    62
       Chain mail        |       |    17 |    93 |    48 ||   158
Dodge: Dodged            |    29 |    19 |    55 |    37 ||   140
Block: Kite shield       |    48 |    43 |   152 |    58 ||   301

Table legend: (Time is in decaauts)
 A = Elapsed time spent in this place.
 B = Non-inter-level travel time spent in this place.
 C = Inter-level travel time spent in this place.
 D = Time resting spent in this place.
 E = Time spent auto-exploring this place.
 F = Levels seen in this place.
 G = Mean time per level.
                   A        B        C        D        E       F      G
               +--------+--------+--------+--------+--------+-----+--------+
         Total |  10376 |   9326 |   1050 |    406 |   6891 |  12 |  864.7 |
       Dungeon |   9778 |   8741 |   1037 |    406 |   6531 |   9 | 1086.4 |
        Temple |    226 |    213 |     13 |      0 |    211 |   1 |  226.0 |
         Abyss |    371 |    371 |      0 |      0 |    149 |   2 |  185.5 |
               +--------+--------+--------+--------+--------+-----+--------+

Top non-repeatable levels by time:
     D:7: 1773 daAuts
     D:3: 1621 daAuts
     D:2: 1506 daAuts
     D:4: 1197 daAuts
     D:1: 1165 daAuts
     D:5: 1002 daAuts
     D:6: 939 daAuts
     D:8: 536 daAuts
 Abyss:1: 371 daAuts
  Temple: 226 daAuts
     D:9: 35 daAuts
